 Dungeon Crawl Stone Soup version 0.18-a0-1611-g00361b8 (webtiles) character file.

63 Jerry the Skirmisher (level 3, -3/29 HPs)
             Began as a Demonspawn Fighter on Mar 23, 2016.
             Slain by a goblin (5 damage)
             ... led by Robin
             ... on level 2 of the Dungeon.
             The game lasted 00:04:50 (1324 turns).

Jerry the Skirmisher (Demonspawn Fighter)           Turns: 1324, Time: 00:04:50

Health: -3/29      AC:  6    Str: 21    XL:     3   Next: 87%
Magic:  3/3        EV:  7    Int: 10    God:
Gold:   64         SH:  9    Dex: 12    Spells: 0 memorised, 2 levels left

rFire  + . .     SeeInvis .     n - +0 whip
rCold  . . .     Gourm    .     b - +0 scale mail
rNeg   . . .     Faith    .     c - +0 shield
rPois  .         Spirit   .     (no helmet)
rElec  .         Dismiss  .     (no cloak)
rCorr  .         Reflect  .     (no gloves)
SustAt .         Harm     .     (no boots)
MR     +....                    (no amulet)
Stlth  ..........               (no ring)
                                m - ring of protection from magic

@: mighty, somewhat resistant to hostile enchantments, extremely unstealthy
A: fire resistance 1, sturdy frame 1
a: no special abilities


You were on level 2 of the Dungeon.
You were not hungry.

You visited 1 branch of the dungeon, and saw 2 of its levels.

You collected 64 gold pieces.

Inventory:

Hand Weapons
 a - a +0 flail
 n - a +0 whip (weapon)
Armour
 b - a +0 scale mail (worn)
 c - a +0 shield (worn)
Jewellery
 m - a ring of protection from magic (left hand)
Scrolls
 h - a scroll of amnesia {unknown}
 i - a scroll of remove curse {unknown}
 l - a scroll of enchant armour {unknown}
 o - a scroll of identify {unknown}
 q - a scroll of immolation {unknown}
Potions
 e - a potion of cure mutation {unknown}
 g - a potion of agility {unknown}
 k - 2 potions of haste {unknown}
Comestibles
 f - a bread ration
 j - 3 fruits
 p - 5 chunks of flesh


   Skills:
 + Level 3.6 Fighting
 + Level 2.3 Maces & Flails
 + Level 3.1 Armour
 + Level 3.2 Shields


You had 2 spell levels left.
You didn't know any spells.

Dungeon Overview and Level Annotations

Branches:
Dungeon (2/15)

Altars:


Innate Abilities, Weirdness & Mutations

Your flesh is heat resistant.
Your movements are slightly less encumbered by armour (ER -2).


Message History

Okay, then.
Drink which item? (? for menu, Esc to quit)
You feel very mighty all of a sudden. You block the goblin's attack.
The goblin hits you.
* * * LOW HITPOINT WARNING * * *
Robin hits you but does no damage.
You barely miss Robin.
Robin is severely wounded.
You block the goblin's attack. The goblin barely misses you.
You whack Robin!
You kill Robin!
The hobgoblin no longer looks unusually strong.
The goblin no longer looks unusually strong.
The goblin hits you but does no damage. You block the goblin's attack.
You completely miss the goblin. The goblin barely misses you.
You block the goblin's attack. The goblin barely misses you.
You closely miss the goblin.
The goblin no longer looks unusually strong. x2
The goblin hits you but does no damage. The goblin hits you.
You die...

.......##.###................#
.......##.###.#.##.##.######.####
####........#.#..................
#........#.#.#####...####.####
#........#†#.######..# #.#
#........#...........# #.####
######.....g#######..####.....
#.....ggg# ##...())....
##.....#@# #.####..... #..g..#g#
#..# #..... ########..g..#.# #..#
#.....
.......gg....#.######..###.(...
..$.....gg...#..............<..
.......g.....########..........
....<...)...... ###.##...).
........######## #.##.....
.g......# #..#.#.#.


You could see 5 goblins.

Vanquished Creatures
  Robin (D:2)
  An ooze (D:2)
  2 dart slugs (D:1)
  3 giant cockroaches
  3 goblins (D:2)
  6 hobgoblins
  6 jackals
  6 bats (D:1)
  A giant newt (D:2)
  8 kobolds
  2 rats (D:1)
39 creatures vanquished.

Notes
Turn   | Place    | Note
--------------------------------------------------------------
     0 | D:1      | Jerry the Demonspawn Fighter began the quest for the Orb.
     0 | D:1      | Reached XP level 1. HP: 18/18 MP: 1/1
   190 | D:1      | Gained mutation: Your flesh is heat resistant. [demonic ancestry]
   190 | D:1      | Reached XP level 2. HP: 24/24 MP: 2/2
   570 | D:1      | Gained mutation: Your movements are slightly less encumbered by armour (ER -2). [demonic ancestry]
   570 | D:1      | Reached XP level 3. HP: 13/29 MP: 3/3
  1300 | D:2      | Noticed Robin
  1322 | D:2      | Killed Robin
  1324 | D:2      | Slain by a goblin

Vault maps used:
D:1:      minmay_arrival_widening_spiral_wide, feat_on_display
D:2:      uniq_robin

Skill      XL: |  1  2 |
---------------+-------+-----
Shields        | 3 |  3.2
Maces & Flails | 2 |  2.3
Armour         | 3 |  3.1
Fighting       | |  3.6

Action                   || total
-------------------------++-------
Melee: Flail             ||    89
       Whip              ||    91
  Use: Potion            ||     1
  Eat: Chunk             ||     2
